 Dungeon Crawl Stone Soup version 0.31-a0-965-g8a8ce12e04 (webtiles) character file.

Game seed: 13839837827787098068

135224 Mgcat the Severer (level 17, -8/158 HPs)
             Began as a Ghoul Wanderer on Oct 26, 2023.
             Was a High Priest of Okawaru.
             Mangled by the 26-headed Lernaean hydra (9 damage)
             ... on level 4 of the Swamp.
             The game lasted 00:54:44 (27426 turns).

Mgcat the Severer (Ghoul Wanderer)                 Turns: 27426, Time: 00:54:45

Health: -8/158     AC: 29    Str: 32    XL:     17   Next: 18%
Magic:  25/32      EV: 15    Int:  5    God:    Okawaru [*****.]
Gold:   2333       SH:  5    Dex: 14    Spells: 18/18 levels left

rFire   . . .        a - +8 battleaxe "Eruemam" {flame, Dex+4}
rCold   + . .        (shield currently unavailable)
rNeg    + + +        G - +4 shadow dragon scales of Inference {rPois MP+9 Dex+2 Stlth++++}
rPois   ∞            K - +0 hat {Will+}
rElec   .            t - +1 cloak
rCorr   .            p - +2 pair of gloves {hurl}
SInv    .            b - +0 pair of boots
Will    +++..        z - amulet of reflection
Stlth   +++++        i - ring of willpower
HPRegen 0.00/turn    D - +6 ring of strength
MPRegen 0.23/turn

%: reflection
@: heroic, finesse-ful, inhibited regen
A: claws 1, cold resistance 1, negative energy resistance 3, inhibited
regeneration, torment resistance 2, devour on kill
a: Renounce Religion, Heroism, Finesse, Duel


You were on level 4 of the Swamp.
You worshipped Okawaru.
Okawaru was extremely pleased with you.
You visited 5 branches of the dungeon, and saw 27 of its levels.
You also visited: Bailey.

You collected 3001 gold pieces.
You spent 668 gold pieces at shops.

Inventory:

Hand Weapons
 a - the +8 battleaxe "Eruemam" (weapon) {flame, Dex+4}
   (You acquired it on level 5 of the Dungeon)

   Dex+4:     It affects your dexterity (+4).
 f - a +6 broad axe of venom
   (You took it off an orc warrior in a bailey)
Missiles
 q - 3 darts of dispersal {=f}
 v - 2 throwing nets {=f, !d}
 w - 15 curare-tipped darts
 B - 42 boomerangs
 F - 5 silver javelins
Armour
 b - a +0 pair of boots (worn)
 p - a +2 pair of gloves of hurling (worn)
   (Okawaru gifted it to you on level 11 of the Dungeon)
 t - a +1 cloak (worn)
   (You found it on level 8 of the Dungeon)
 E - a +2 helmet of see invisible
   (You bought it in a shop on level 2 of the Orcish Mines)
 G - the +4 shadow dragon scales of Inference (worn) {rPois MP+9 Dex+2 Stlth++++}
   (You found it in a bailey)

   Dex+2:     It affects your dexterity (+2).
   rPois:     It protects you from poison MP+9: It affects your magic capacity
   (+9).
   Stlth++++: It makes you much more stealthy.
 K - a +0 hat of willpower (worn)
   (You took it off Gastronok on level 2 of the Lair of Beasts)
Jewellery
 i - a ring of willpower (left hand)
   (You found it on level 2 of the Dungeon)
 m - a +5 ring of evasion
   (You took it off a spriggan druid on level 2 of the Swamp)
 o - a ring of fire {rF+, rC-}
   (You found it on level 4 of the Dungeon)
 z - an amulet of reflection (around neck)
   (You found it on level 4 of the Lair of Beasts)
 D - a +6 ring of strength (right hand)
   (You found it on level 1 of the Lair of Beasts)
 L - a ring of protection from cold {rC+, !d}
   (You found it on level 4 of the Swamp)
 Q - a ring of protection from cold {rC+, !d}
   (You found it on level 14 of the Dungeon)
 T - an amulet of guardian spirit {Spirit}
   (You found it on level 4 of the Swamp)
Wands
 d - a wand of iceblast (15)
   (You found it on level 5 of the Dungeon)
 k - a wand of polymorph (5)
   (You found it on level 11 of the Dungeon)
 y - a wand of flame (50)
   (You found it on level 8 of the Dungeon)
 H - a wand of mindburst (21)
   (You found it on level 10 of the Dungeon)
 I - a wand of acid (8)
   (You found it on level 3 of the Swamp)
Scrolls
 c - 7 scrolls of teleportation
 e - 4 scrolls of fog
 h - a scroll of torment
 j - 4 scrolls of silence
 l - 3 scrolls of poison
 x - 2 scrolls of revelation
 J - 2 scrolls of fear (quivered)
 N - 6 scrolls of identify
 O - 6 scrolls of amnesia
Potions
 g - 3 potions of attraction {!q}
 n - 3 potions of brilliance
 r - 4 potions of might
 s - 13 potions of curing
 u - 3 potions of haste
 A - 2 potions of ambrosia
 C - 3 potions of enlightenment
 M - a potion of cancellation
 P - a potion of magic
 R - a potion of resistance
 S - a potion of heal wounds


   Skills:
 + Level 16.0(21.0) Fighting
 * Level 18.7(23.7) Axes
 + Level 7.7(12.7) Throwing
 + Level 7.9(12.9) Armour
 + Level 7.7(12.7) Dodging
 - Level 3.6(8.6) Stealth
 - Level 1.2 Spellcasting
 - Level 10.0 Invocations
 - Level 5.0 Evocations


You had 18 spell levels left.
You didn't know any spells.
Your spell library contained the following spells:

 Spells                   Type           Power      Damage    Failure   Level
 Ensorcelled Hibernation  Hex/Ice        0%         N/A       93%         2
 Jinxbite                 Hex            0%         N/A       93%         2
 Scorch                   Fire           0%         2d5       93%         2
 Inner Flame              Hex/Fire       0%         N/A       99%         3
 Volatile Blastmotes      Fire/Tloc      0%         2d10      99%         3
 Anguish                  Hex/Necr       0%         N/A       100%        4
 Flame Wave               Conj/Fire      0%         2d4       100%        4
 Fulminant Prism          Conj/Hex       0%         3d5       100%        4
 Iskenderun's Mystic Bla  Conj/Tloc      0%         2d3       100%        4
 Petrify                  Tmut/Erth      0%         N/A       100%        4
 Irradiate                Conj/Tmut      0%         3d11      100%        5
 Yara's Violent Unravell  Hex/Tmut       0%         3d3       100%        5
 Enfeeble                 Hex            0%         N/A       100%        7
 Orb of Destruction       Conj           0%         9d5       100%        7
 Sublimation of Blood     Necr           Unusable   N/A       N/A         2
 Summon Guardian Golem    Hex/Summ       Unusable   N/A       N/A         3
 Summon Cactus Giant      Summ           Unusable   N/A       N/A         6
 Spellforged Servitor     Conj/Summ      Unusable   N/A       N/A         7

Dungeon Overview and Level Annotations

Branches:
Dungeon (15/15)            Temple (0/1) D:6            Lair (5/5) D:8
  Swamp (4/4) Lair:2       Spider (1/4) Lair:3        Slime (0/5) Lair:5
    Orc (2/2) D:9             Elf (0/3) Orc:2        Vaults (0/5) D:13
 Depths (0/4) D:15         Bailey (visited)

Altars:
Dithmenos
Fedhas
Hepliaklqana
Nemelex Xobeh
Okawaru
Sif Muna
Wu Jian
Yredelemnul
Jiyva

Shops:
D:8 *   D:10 *   Orc:2 ?[(((

Portals:
Abyss: D:4

Annotations:
D:4 2 transporters, Cris's ghost, amateur DsCj
D:9 1 exclusion, Harold
Lair:5 exclusion: obsidian statue
Swamp:4 Lernaean hydra


Innate Abilities, Weirdness & Mutations

You are immune to poison.
You have sharp fingernails.
Your flesh is cold resistant. (rC+)
You are immune to negative energy. (rN+++)
You do not regenerate when monsters are visible.
You are immune to unholy pain and torment.
You thrive by killing the living.


Message History

You hear a roar!
The 26-headed Lernaean hydra bites you but does no damage.
The 26-headed Lernaean hydra bites you. The 26-headed Lernaean hydra bites you!
The 26-headed Lernaean hydra bites you but does no damage.
You block the 26-headed Lernaean hydra's attack.
The 26-headed Lernaean hydra barely misses you.
The 26-headed Lernaean hydra bites you but does no damage.
The 26-headed Lernaean hydra barely misses you.
The 26-headed Lernaean hydra bites you but does no damage. x4
The 26-headed Lernaean hydra closely misses you.
The 26-headed Lernaean hydra bites you.
You block the 26-headed Lernaean hydra's attack.
The 26-headed Lernaean hydra bites you.
The 26-headed Lernaean hydra bites you but does no damage.
The 26-headed Lernaean hydra closely misses you.
The 26-headed Lernaean hydra bites you. The 26-headed Lernaean hydra bites you!
* * * LOW HITPOINT WARNING * * *
You block the 26-headed Lernaean hydra's attack.
The 26-headed Lernaean hydra bites you!
* * * LOW HITPOINT WARNING * * *
The 26-headed Lernaean hydra bites you but does no damage. x2
The 26-headed Lernaean hydra closely misses you.
The 26-headed Lernaean hydra bites you but does no damage.
You take 43 damage, and have 28/158 hp.
MASSIVE DAMAGE!!
Lua error: [string "/dgldir/rcfiles/crawl-git/Mgcat.rc"]:930: invalid capture index Unknown command.
Lua error: [string "/dgldir/rcfiles/crawl-git/Mgcat.rc"]:930: invalid capture index Unknown command.
Lua error: [string "/dgldir/rcfiles/crawl-git/Mgcat.rc"]:930: invalid capture index Unknown command.
Warning x2: 26-headed Lernaean hydra don't fight it in melee!
Just don't! 26-headed Lernaean hydra can hit for high damage in melee!
Unknown command.
Lua error: [string "/dgldir/rcfiles/crawl-git/Mgcat.rc"]:930: invalid capture index Unknown command.
Lua error: [string "/dgldir/rcfiles/crawl-git/Mgcat.rc"]:930: invalid capture index
Okay, then.
Lua error: [string "/dgldir/rcfiles/crawl-git/Mgcat.rc"]:930: invalid capture index Unknown command.
Warning x2: 26-headed Lernaean hydra don't fight it in melee!
Just don't! 26-headed Lernaean hydra can hit for high damage in melee!
Unknown command.
Lua error: [string "/dgldir/rcfiles/crawl-git/Mgcat.rc"]:930: invalid capture index Unknown command.
Lua error: [string "/dgldir/rcfiles/crawl-git/Mgcat.rc"]:930: invalid capture index Unknown command.
Lua error: [string "/dgldir/rcfiles/crawl-git/Mgcat.rc"]:930: invalid capture index
Okay, then.
Warning x2: 26-headed Lernaean hydra don't fight it in melee!
Just don't! 26-headed Lernaean hydra can hit for high damage in melee!
Unknown command.
Lua error: [string "/dgldir/rcfiles/crawl-git/Mgcat.rc"]:930: invalid capture index Unknown command.
Lua error: [string "/dgldir/rcfiles/crawl-git/Mgcat.rc"]:930: invalid capture index Lua error: [string "/dgldir/rcfiles/crawl-git/Mgcat.rc"]:930: invalid capture index Cleave: a) +8 battleaxe "Eruemam" {flame, Dex+4}
Press: ? - help, Dir - move target, f - 26-headed Lernaean hydra
Aim: the 26-headed Lernaean hydra (moderately wounded, about 13% to evade the +8 battleaxe "Eruemam")
Okay, then.
Lua error: [string "/dgldir/rcfiles/crawl-git/Mgcat.rc"]:930: invalid capture index Unknown command.
Lua error: [string "/dgldir/rcfiles/crawl-git/Mgcat.rc"]:930: invalid capture index Lua error: [string "/dgldir/rcfiles/crawl-git/Mgcat.rc"]:930: invalid capture index Unknown command.
Warning x2: 26-headed Lernaean hydra don't fight it in melee!
Just don't! 26-headed Lernaean hydra can hit for high damage in melee!
Unknown command.
Lua error: [string "/dgldir/rcfiles/crawl-git/Mgcat.rc"]:930: invalid capture index
Okay, then.
Lua error: [string "/dgldir/rcfiles/crawl-git/Mgcat.rc"]:930: invalid capture index Unknown command.
Lua error: [string "/dgldir/rcfiles/crawl-git/Mgcat.rc"]:930: invalid capture index Unknown command.
Warning x2: 26-headed Lernaean hydra don't fight it in melee!
Just don't! 26-headed Lernaean hydra can hit for high damage in melee!
Lua error: [string "/dgldir/rcfiles/crawl-git/Mgcat.rc"]:930: invalid capture index Unknown command.
Lua error: [string "/dgldir/rcfiles/crawl-git/Mgcat.rc"]:930: invalid capture index Lua error: [string "/dgldir/rcfiles/crawl-git/Mgcat.rc"]:930: invalid capture index Unknown command.
Lua error: [string "/dgldir/rcfiles/crawl-git/Mgcat.rc"]:930: invalid capture index Unknown command.
Warning x2: 26-headed Lernaean hydra don't fight it in melee!
Just don't! 26-headed Lernaean hydra can hit for high damage in melee!
Unknown command.
Lua error: [string "/dgldir/rcfiles/crawl-git/Mgcat.rc"]:930: invalid capture index Unknown command.
Lua error: [string "/dgldir/rcfiles/crawl-git/Mgcat.rc"]:930: invalid capture index Unknown command.
Lua error: [string "/dgldir/rcfiles/crawl-git/Mgcat.rc"]:930: invalid capture index Unknown command.
Warning x2: 26-headed Lernaean hydra don't fight it in melee!
Just don't! 26-headed Lernaean hydra can hit for high damage in melee!
As you read the scroll of torment, it crumbles to dust.
You feel a surge of unholy energy.
The 26-headed Lernaean hydra convulses!
The 26-headed Lernaean hydra bites you but does no damage.
The 26-headed Lernaean hydra bites you.
* * * LOW HITPOINT WARNING * * *
The 26-headed Lernaean hydra bites you.
* * * LOW HITPOINT WARNING * * *
The 26-headed Lernaean hydra bites you but does no damage. x2
The 26-headed Lernaean hydra bites you!
* * * LOW HITPOINT WARNING * * *
The 26-headed Lernaean hydra bites you!
* * * LOW HITPOINT WARNING * * *
The 26-headed Lernaean hydra bites you!
You die...

♣♣♣♣...#.......♣~..).~.~...~.♣
♣~~...~...~.♣♣♣~~..~≈.≈...♣♣
♣♣...♣.♣≈♣.§≈♣♣♣...#≈≈~#~≈≈♣
♣.#♣♣≈♣♣♣.~~.♣♣≈#≈~≈≈≈≈≈~≈♣
♣♣♣ ♣♣♣♣..§.#.♣≈≈≈≈♣≈≈≈≈~♣♣
♣.#...#≈.♣♣♣♣♣♣~~≈♣♣
♣≈#~.###≈♣ ♣♣#≈♣ .###.#####
♣♣♣ ♣≈##~†@# ♣♣#≈§D### #≈.~○†#
#≈≈.#○.t~# #≈~≈.§~####
#≈~~..°≈ ##≈#..... #§..~k~≈#
##≈~≈.≈.≈


You could see the 26-headed Lernaean hydra.

Vanquished Creatures
  Rupert (D:14)
  Gastronok (Lair:2)
  A thorn hunter (Swamp:4)
  Roxanne (D:14)
  2 orc warlords
  3 ghouls
  6 eleionomae
  2 bunyips
  5 dire elephants (Lair:5)
  Snorg (D:13)
  An ettin (D:15)
  11 hydras
  4 vault guards (D:13)
  8 alligators
  2 ghost crabs
  A jorogumo (Spider:1)
  4 centaur warriors
  2 boulder beetles
  2 catoblepae
  6 two-headed ogres
  Erica (Lair:1)
  2 death yaks (Lair:5)
  3 tengu warriors
  2 demonic crawlers (Spider:1)
  4 orc high priests (Orc:2)
  A hell knight (D:15)
  Urug (Lair:2)
  A skyshark (Lair:4)
  A spectral death yak (Lair:5)
  A fire crab (shapeshifter) (D:14)
  2 goliath frogs
  A spectral anaconda (Lair:5)
  2 pharaoh ants (Spider:1)
  An orb spider (Spider:1)
  5 skeletal warriors (D:14)
  4 spriggan druids
  A death drake (Swamp:2)
  3 bog bodies (Swamp:1)
  A lindwurm (shapeshifter) (D:15)
  12 swamp dragons
  Pikel (D:8)
  3 deep elf pyromancers
  3 orc knights
  3 manticores
  4 necromancers (Lair:5)
  3 orc sorcerers
  2 will-o-the-wisps
  A moth of wrath (Spider:1)
  2 wolf spiders (Spider:1)
  An ugly thing (D:11)
  13 elephants
  A cyclops (D:15)
  2 black mambas
  Joseph (D:9)
  A torpor snail (Spider:1)
  A gargoyle (D:13)
  16 cane toads
  3 unseen horrors
  Maggie (Lair:1)
  2 kobold demonologists
  An efreet (D:13)
  A dire elephant skeleton (Lair:5)
  4 rime drakes
  13 komodo dragons
  3 tengu conjurers
  6 meliai
  3 trolls
  A troll (shapeshifter) (D:15)
  10 tyrant leeches
  A polar bear (Lair:2)
  Grinder (D:6)
  5 hornets
  2 spectral elephants (Lair:5)
  14 blink frogs
  5 slime creatures
  A jumping spider (Spider:1)
  39 yaks
  3 vampires (D:13)
  4 wraiths
  7 spriggans
  A shadow (D:11)
  7 basilisks
  8 wyverns
  A steam dragon (D:7)
  A death yak simulacrum (Lair:5)
  5 redbacks (Spider:1)
  4 wargs
  17 vampire mosquitoes
  16 swamp worms
  9 swamp drakes
  34 orc warriors
  15 water moccasins
  A sky beast (D:8)
  4 ice beasts
  2 black bears
  An elephant zombie (Lair:5)
  5 boggarts (D:15)
  3 wolves (Lair:5)
  3 ogres
  8 centaurs
  2 lemures (D:8)
  A phantom (D:6)
  11 kobold brigands
  A necrophage (Swamp:1)
  14 bullfrogs
  2 gnoll sergeants
  2 cane toad simulacra (Lair:5)
  7 scorpions
  5 wights (D:6)
  3 elephant simulacra (Lair:5)
  26 killer bees
  8 electric eels
  5 howler monkeys
  2 hounds (D:5)
  6 jellies
  A gnoll bouda (D:9)
  25 orc priests
  28 orc wizards
  5 hell rats (Lair:5)
  A sleepcap (D:7)
  2 iguanas
  16 gnolls
  6 adders
  3 white imps (D:7)
  5 ufetubi
  4 worms
  2 dart slugs
  109 orcs
  7 ball pythons
  7 endoplasms
  6 giant cockroaches
  7 goblins
  11 hobgoblins
  5 jackals
  6 quokkas
  4 bats
  6 frilled lizards
  25 kobolds
  3 rats
  A spectral weapon (Swamp:1)
836 creatures vanquished.

Vanquished Creatures (others)
  A spriggan druid (Swamp:2)
  A tyrant leech (Swamp:2)
  2 bloated husks (Swamp:2)
  An orc warrior (Orc:2)
  A swamp drake (Swamp:2)
  An orc (Orc:2)
  8 foxfires (Swamp:2)
15 creatures vanquished.

Grand Total: 851 creatures vanquished

Notes
Turn   | Place    | Note
-------+----------+-------------------------------------------
     0 | D:1      | Mgcat the Ghoul Wanderer began the quest for the Orb.
     0 | D:1      | Mgcat set off with the following items: a +3 hand axe, a +0
                  | pair of boots, a scroll of teleportation, a +0 leather
                  | armour.
     0 | D:1      | Reached XP level 1. HP: 17/17 MP: 1/1
    57 | D:1      | Reached XP level 2. HP: 22/25 MP: 2/2
   116 | D:1      | Reached skill level 3 in Axes
   249 | D:1      | Reached XP level 3. HP: 30/30 MP: 3/3
   990 | D:2      | Reached XP level 4. HP: 30/37 MP: 4/4
  1482 | D:3      | Reached skill level 1 in Dodging
  1611 | D:3      | HP: 6/37 [gnoll/+0 flail (6)]
  1829 | D:3      | Reached skill level 3 in Fighting
  1829 | D:3      | Reached XP level 5. HP: 32/45 MP: 5/5
  2078 | D:2      | HP: 10/45 [gnoll/+0 flail (3)]
  2079 | D:2      | HP: 4/45 [gnoll/+0 flail (6)]
  2088 | D:2      | Reached skill level 2 in Armour
  2149 | D:4      | Reached skill level 4 in Axes
  2218 | D:4      | Found an iron altar of Okawaru.
  2307 | D:4      | Became a worshipper of Warmaster Okawaru
  2342 | D:4      | Found a hazy altar of Hepliaklqana.
  2358 | D:4      | Reached skill level 2 in Dodging
  2358 | D:4      | Reached XP level 6. HP: 23/51 MP: 6/6
  2635 | D:4      | Found a one-way gate to the infinite horrors of the Abyss.
  2635 | D:4      | Noticed Cris's ghost (amateur DsCj)
  2636 | D:4      | Noticed a small abomination
  2655 | D:4      | Found a transporter.
  2765 | D:4      | Found a transporter.
  2976 | D:4      | HP: 12/51 [orc/+0 hand axe (2)]
  3658 | D:5      | Entered Level 5 of the Dungeon
  3665 | D:5      | Identified a scroll of acquirement
  3665 | D:5      | Acquired the +8 battleaxe "Eruemam" {flame, Dex+4}
  3884 | D:5      | Found a sparkling altar of Nemelex Xobeh.
  3904 | D:5      | Reached skill level 4 in Fighting
  3904 | D:5      | Reached skill level 5 in Axes
  3904 | D:5      | Reached skill level 1 in Invocations
  3904 | D:5      | Reached XP level 7. HP: 54/59 MP: 7/7
  3948 | D:5      | Reached * piety under Okawaru
  4007 | D:5      | Found an ornate altar of the Wu Jian Council.
  4092 | D:5      | Reached skill level 2 in Invocations
  4112 | D:5      | Reached ** piety under Okawaru
  4359 | D:5      | Reached skill level 6 in Axes
  4359 | D:5      | Reached XP level 8. HP: 67/67 MP: 7/9
  4410 | D:6      | Reached skill level 5 in Fighting
  4410 | D:6      | Reached skill level 3 in Invocations
  4789 | D:6      | Found a staircase to the Ecumenical Temple.
  4789 | D:6      | Noticed Grinder
  4802 | D:6      | Paralysed by Grinder for 5 turns
  4807 | D:6      | Killed Grinder
  4950 | D:6      | Reached skill level 7 in Axes
  4950 | D:6      | Reached skill level 4 in Invocations
  4991 | D:6      | Reached skill level 6 in Fighting
  5050 | D:6      | Reached *** piety under Okawaru
  5051 | D:6      | Reached XP level 9. HP: 58/75 MP: 11/11
  5381 | D:7      | Reached skill level 5 in Invocations
  5389 | D:7      | Reached skill level 8 in Axes
  5703 | D:7      | Found a shadowy altar of Dithmenos.
  5746 | D:7      | Reached skill level 7 in Fighting
  6113 | D:7      | Reached skill level 9 in Axes
  6171 | D:7      | Identified the +2 rapier "Peta" {elec, +Blink rC+ Str+3
                  | Dex+4}
  6253 | D:7      | Reached **** piety under Okawaru
  6583 | D:8      | Found a staircase to the Lair.
  6584 | D:8      | Noticed a komodo dragon
  6600 | D:8      | HP: 13/80 [komodo dragon (22)]
  6603 | D:8      | Killed a komodo dragon
  6604 | D:8      | Reached skill level 8 in Fighting
  6604 | D:8      | Reached XP level 10. HP: 36/88 MP: 9/12
  6779 | D:8      | Reached skill level 10 in Axes
  6786 | D:8      | Reached ***** piety under Okawaru
  7121 | D:8      | Found a blossoming altar of Fedhas.
  7170 | D:8      | Identified the +5 scale mail of the Little Devil {Int+2}
  7356 | D:8      | Found Ymnute Qiul's Assorted Antiques.
  7363 | D:8      | Bought a potion of heal wounds for 160 gold pieces
  7363 | D:8      | Bought a scroll of identify for 64 gold pieces
  7363 | D:8      | Bought a helmet for 144 gold pieces
  7539 | D:9      | Identified the "Nilajyuf"
  7539 | D:9      | Noticed Pikel
  7551 | D:8      | Killed Pikel
  7551 | D:8      | Received a gift from Okawaru
  7552 | D:8      | Reached skill level 9 in Fighting
  7692 | D:9      | Found a staircase to the Orcish Mines.
  7710 | D:9      | Reached skill level 11 in Axes
  8024 | D:9      | Noticed Joseph
  8346 | D:9      | Killed Joseph
  8347 | D:9      | Reached XP level 11. HP: 82/99 MP: 13/13
  8441 | D:9      | Reached skill level 10 in Fighting
  8648 | D:9      | Noticed Harold
  8658 | D:9      | HP: 11/99 [Harold/+1 battleaxe of electrocution (20)]
  8987 | D:9      | Found a shimmering blue altar of Sif Muna.
  9124 | D:10     | Entered Level 10 of the Dungeon
  9125 | D:10     | Found a basalt altar of Yredelemnul.
  9125 | D:10     | Found Qyryseo's Fire Supplies.
  9154 | D:10     | Reached skill level 12 in Axes
  9156 | D:10     | Found a flagged portal.
  9171 | Bailey   | Entered a bailey
  9266 | Bailey   | Identified the +4 shadow dragon scales of Inference {rPois
                  | MP+9 Dex+2 Stlth++++}
  9324 | Bailey   | Noticed an orc knight
  9335 | Bailey   | Killed an orc knight
  9378 | Bailey   | Found an iron altar of Okawaru.
  9715 | D:10     | Identified the +5 hand axe of Voaggaux {antimagic, rF+}
  9930 | D:11     | Noticed a two-headed ogre
  9939 | D:11     | Killed a two-headed ogre
 10095 | D:11     | Reached skill level 1 in Evocations
 10191 | D:11     | Noticed a white ugly thing
 10192 | D:11     | Reached ****** piety under Okawaru
 10199 | D:11     | Killed a white ugly thing
 10203 | D:11     | Noticed a two-headed ogre
 10210 | D:11     | Killed a two-headed ogre
 10210 | D:11     | Noticed a manticore
 10211 | D:11     | Reached skill level 11 in Fighting
 10211 | D:11     | Reached skill level 13 in Axes
 10211 | D:11     | Reached skill level 2 in Evocations
 10217 | D:11     | Killed a manticore
 10217 | D:11     | Received a gift from Okawaru
 10221 | D:11     | Noticed a soul eater
 10222 | D:11     | Noticed a soul eater
 10230 | D:11     | Acquired a +0 pair of gloves of hurling
 10230 | D:11     | Received a gift from Okawaru
 10231 | D:11     | Acquired the +8 executioner's axe of Zuesmutt {freeze,
                  | *Slow rElec rPois Dex+7}
 10231 | D:11     | Received a gift from Okawaru
 10364 | D:11     | Reached skill level 6 in Invocations
 10558 | D:11     | Reached XP level 12. HP: 110/110 MP: 15/15
 10897 | D:12     | Identified the of Cielirhyo
 10897 | Lair:1   | Entered Level 1 of the Lair of Beasts
 10998 | Lair:1   | Identified the +6 dagger "Piump" {venom, Int+3 Dex+2 SInv}
 11038 | Lair:1   | Noticed a catoblepas
 11072 | Lair:1   | HP: 27/110 [catoblepas (6)]
 11091 | Lair:1   | Killed a catoblepas
 11092 | Lair:1   | Reached skill level 3 in Evocations
 11493 | Lair:1   | Received a gift from Okawaru
 11515 | Lair:1   | Noticed Erica
 11521 | Lair:1   | Killed Erica
 11853 | Lair:1   | Noticed Maggie
 11862 | Lair:1   | Killed Maggie
 11863 | Lair:1   | Reached skill level 7 in Invocations
 11935 | Lair:2   | Reached skill level 4 in Evocations
 11956 | Lair:2   | Reached skill level 14 in Axes
 12114 | Lair:2   | Received a gift from Okawaru
 12121 | Lair:2   | Reached skill level 12 in Fighting
 12261 | Lair:2   | Noticed Urug
 12285 | Lair:2   | Killed Urug
 12462 | Lair:2   | Found a staircase to the Swamp.
 12462 | Lair:2   | Noticed an eleionoma
 12466 | Lair:2   | Killed an eleionoma
 12513 | Lair:2   | Reached XP level 13. HP: 118/118 MP: 17/17
 12748 | Lair:2   | Reached skill level 8 in Invocations
 12748 | Lair:2   | Reached skill level 5 in Evocations
 12862 | Lair:2   | Noticed Gastronok
 12874 | Lair:2   | Killed Gastronok
 12874 | Lair:2   | Received a gift from Okawaru
 13125 | Lair:3   | Found a hole to the Spider Nest.
 13349 | Lair:3   | Reached skill level 15 in Axes
 13513 | Lair:3   | Received a gift from Okawaru
 13555 | Lair:3   | Reached skill level 9 in Invocations
 14110 | Lair:4   | Reached skill level 13 in Fighting
 14914 | Lair:5   | Entered Level 5 of the Lair of Beasts
 14915 | Lair:5   | Found a staircase to the Slime Pits.
 14917 | Lair:5   | Found a viscous altar of Jiyva.
 14953 | Lair:5   | Received a gift from Okawaru
 15146 | Lair:5   | Reached skill level 1 in Throwing
 15146 | Lair:5   | Reached XP level 14. HP: 129/129 MP: 20/20
 15272 | Lair:5   | Reached skill level 10 in Invocations
 15478 | Lair:5   | Received a gift from Okawaru
 15604 | Lair:5   | Noticed a dire elephant
 15605 | Lair:5   | Noticed a dire elephant
 15605 | Lair:5   | Noticed a dire elephant
 15606 | Lair:5   | Noticed a dire elephant
 15620 | Lair:5   | Killed a dire elephant
 15621 | Lair:5   | Reached skill level 2 in Throwing
 15621 | Lair:5   | Reached skill level 3 in Armour
 15764 | Lair:5   | Reached skill level 16 in Axes
 16118 | Lair:5   | Killed a dire elephant
 16119 | Lair:5   | Reached skill level 3 in Dodging
 16126 | Lair:5   | Killed a dire elephant
 16139 | Lair:5   | Killed a dire elephant
 16354 | Lair:5   | Noticed a dire elephant
 16363 | Lair:5   | Killed a dire elephant
 16363 | Lair:5   | Received a gift from Okawaru
 16367 | Lair:5   | Reached skill level 3 in Throwing
 16488 | Lair:5   | Identified the +5 great sword of Ocwusoath {flame, Stlth+}
 16509 | Lair:5   | Reached skill level 14 in Fighting
 16509 | Lair:5   | Reached skill level 4 in Armour
 16894 | Orc:1    | Entered Level 1 of the Orcish Mines
 17032 | Orc:1    | Noticed an orc warlord
 17052 | Orc:1    | Killed an orc warlord
 17384 | Orc:2    | Entered Level 2 of the Orcish Mines
 17387 | Orc:2    | Found a staircase to the Elven Halls.
 17433 | Orc:2    | Found Fufe's Magic Scroll Boutique.
 17442 | Orc:2    | Bought a scroll of identify for 34 gold pieces
 17442 | Orc:2    | Bought a scroll of identify for 34 gold pieces
 17565 | Orc:2    | Reached skill level 4 in Dodging
 17779 | Orc:2    | Noticed an orc warlord
 17795 | Orc:2    | Killed an orc warlord
 17798 | Orc:2    | Reached skill level 4 in Throwing
 17806 | Orc:2    | Received a gift from Okawaru
 17813 | Orc:2    | Found Ezoggaf's Antique Armour Boutique.
 17819 | Orc:2    | Found Asuybuch's Antique Weapon Shop.
 17830 | Orc:2    | Reached XP level 15. HP: 138/138 MP: 21/21
 17935 | Orc:2    | Found Rekhlutu's Weapon Shoppe.
 18027 | Orc:2    | Found Osemoput's Antique Weapon Emporium.
 18396 | Orc:2    | Bought a shiny helmet for 232 gold pieces
 18873 | D:12     | Reached skill level 5 in Armour
 19279 | D:12     | You fall into a shaft and drop 3 floors!
 19279 | D:15     | Entered Level 15 of the Dungeon
 19289 | D:14     | Noticed Roxanne
 19313 | D:14     | Received a gift from Okawaru
 19318 | D:14     | Reached skill level 17 in Axes
 19318 | D:14     | Reached skill level 5 in Dodging
 19499 | D:14     | Identified the +5 shortbow "Omexal" {freeze, Int+3 Dex+2
                  | Stlth-}
 19921 | D:13     | Reached skill level 5 in Throwing
 20128 | D:13     | Found a gate to the Vaults.
 20151 | D:13     | Received a gift from Okawaru
 20602 | D:13     | Noticed Snorg
 20613 | D:13     | Killed Snorg
 21025 | D:14     | Noticed Rupert
 21038 | D:14     | Killed Rupert
 21038 | D:14     | Received a gift from Okawaru
 21380 | D:14     | HP: 5/139 [Roxanne/crystal spear (59)]
 21678 | D:14     | Killed Roxanne
 21679 | D:14     | Reached skill level 6 in Armour
 21711 | D:14     | Identified the +6 dagger "Dotius" {freeze, Will- Str+5
                  | Dex+2}
 21794 | D:15     | HP: 30/139 [tengu warrior/+3 war axe (10)]
 21797 | D:15     | HP: 13/139 [tengu warrior/+3 war axe (12)]
 22115 | D:15     | Reached skill level 15 in Fighting
 22124 | D:15     | HP: 33/141 [tengu warrior/+0 long sword (6)]
 22126 | D:15     | Reached skill level 6 in Dodging
 22518 | D:15     | Found a staircase to the Depths.
 22643 | D:15     | Reached skill level 6 in Throwing
 22685 | D:15     | Reached XP level 16. HP: 137/149 MP: 22/22
 23263 | Swamp:1  | Entered Level 1 of the Swamp
 23487 | Swamp:1  | Received a gift from Okawaru
 23945 | Swamp:2  | HP: 29/149 [will-o-the-wisp/foxfire (14)]
 23947 | Swamp:2  | Reached skill level 18 in Axes
 24664 | Swamp:2  | Reached skill level 7 in Armour
 25164 | Swamp:2  | Identified the +2 chain mail "Jiusonut" {*Corrode rElec
                  | rPois Regen+}
 25340 | Swamp:3  | Reached skill level 7 in Dodging
 25597 | Swamp:3  | Identified the +1 spear "Pasaeter" {drain, rPois Int+2}
 25607 | Swamp:3  | Reached skill level 7 in Throwing
 25722 | Swamp:3  | Received a gift from Okawaru
 26190 | Spider:1 | Entered Level 1 of the Spider Nest
 26230 | Spider:1 | HP: 30/150 [jorogumo (15)]
 26232 | Spider:1 | HP: 10/150 [jorogumo (9)]
 26631 | Swamp:4  | Entered Level 4 of the Swamp
 26858 | Swamp:4  | Noticed a thorn hunter
 26868 | Swamp:4  | Killed a thorn hunter
 26868 | Swamp:4  | Received a gift from Okawaru
 26960 | Swamp:4  | Reached XP level 17. HP: 154/158 MP: 23/23
 27378 | Swamp:4  | Reached skill level 16 in Fighting
 27422 | Swamp:4  | Noticed the 27-headed Lernaean hydra
 27425 | Swamp:4  | HP: 38/158 [the 26-headed Lernaean hydra (12)]
 27426 | Swamp:4  | HP: 9/158 [the 26-headed Lernaean hydra (11)]
 27426 | Swamp:4  | HP: 1/158 [the 26-headed Lernaean hydra (8)]
 27426 | Swamp:4  | Mangled by the 26-headed Lernaean hydra

Illustrated notes

Levels and vault maps discovered:
D:1:      minmay_arrival_four_loops, layout_basic,
          chequers_serial_rivers_micro_a
D:2:      layout_basic, grunt_ministairs_4
D:3:      layout_basic
D:4:      layout_loops_ring, old_standard_altar, mainiacjoe_overflow_catwalk,
          gammafunk_ghost_abyssal_escape, minmay_fractal_squares_gapless_5
D:5:      layout_gridville, lemuel_round_altar,
          chequers_temple_overflow_statue_of_worship
D:6:      layout_loops_ring, minmay_temple_entry_stoned_glass,
          minmay_lizard_king, uniq_grinder
D:7:      wad_river_or_something, layout_rooms, zin_academy,
          grunt_dithmenos_smoke_and_mirrors, nicolae_letterblocks
          [nicolae_letter_subblock, nicolae_letter_subblock,
          nicolae_letter_subblock, nicolae_letter_subblock,
          nicolae_letter_subblock, nicolae_letter_subblock,
          nicolae_letter_subblock, nicolae_letter_subblock,
          nicolae_letter_subblock, nicolae_letter_subblock,
          nicolae_letter_subblock, nicolae_letter_subblock,
          nicolae_letter_subblock, nicolae_letter_subblock,
          nicolae_letter_subblock, nicolae_letter_subblock,
          nicolae_letter_subblock, nicolae_letter_subblock,
          nicolae_letter_subblock, nicolae_letter_subblock,
          nicolae_letter_subblock, nicolae_letter_subblock,
          nicolae_letter_subblock, nicolae_letter_subblock,
          nicolae_letter_subblock]
D:8:      layout_basic, lemuel_doored_altar, david_lair_shrubbed, serial_shops,
          nicolae_shop_peninsula, minivault_22, hangedman_decor_riveting
D:9:      layout_grid_maze, led_sif_book, david_orc_3, uniq_harold, uniq_joseph,
          uniq_pikel
D:10:     layout_rooms, elyvilon_altar_1, mainiacjoe_overflow_surrounded_room,
          enter_bailey_4, nicolae_shop_fire_sale [nicolae_sub_dead_trees]
D:11:     layout_loops_ring
D:12:     layout_big_octagon, serial_bayou_lake_a
D:13:     layout_basic, lightli_vaults_fourway_checkpoint, uniq_snorg
D:14:     layout_cave_pools, nicolae_zig_zag_zippers, uniq_roxanne, uniq_rupert
D:15:     hangedman_depths_entry_civil_slaughter, layout_long_grid,
          chequers_serial_rivers_large_a
Lair:1:   layout_misc_corridors, serial_bayou_pond_c,
          nicolae_quartered_pool_super, grunt_forest_large_clearings,
          infiniplex_staircase_pool_2, uniq_maggie, uniq_erica
Lair:2:   layout_gridlike, alex1729_swamp_entry_worm_eleionoma,
          hibernation_bobbens, uniq_gastronok, uniq_urug
Lair:3:   layout_cave_pods, nicolae_spider_entry_non_spiders
Lair:4:   layout_loops_ring, chequers_serial_rivers_room_a, beast_lair_carwin_4,
          lemuel_fruit_fields
Lair:5:   due_jungle_book, layout_loops_ring, nicolae_slime_entry_field_trip
Swamp:1:  layout_falls_marsh, evilmike_swamp_ruin_house_3, swamp_pool3
Swamp:2:  nzn_winding_woodlands_cross [nzn_winding_woodlands_5x15_jagged,
          nzn_winding_woodlands_5x15_zeroes, nzn_winding_woodlands_5x15_crooked,
          nzn_winding_woodlands_5x15_river_crossing,
          nzn_winding_woodlands_15x15_boxy_spiral], layout_basic_swamp,
          hangedman_swamp_ruin_hall
Swamp:3:  layout_basic_swamp, evilmike_swamp_ruin_house_6, swamp_pool4
Swamp:4:  swamp_old_school, layout_basic_swamp, lightli_tree_ring
Spider:1: layout_spider_delve
Orc:1:    layout_caves, lightli_orcish_oven
Orc:2:    grunt_orc_community_town_hall, layout_caves,
          grunt_orc_community_big_house_2, grunt_orc_community_big_house_2,
          grunt_orc_community_house_2, grunt_orc_community_house_2,
          grunt_orc_community_house_3, grunt_orc_community_house_1,
          grunt_orc_community_house_1, grunt_orc_community_house_2, basic_altar,
          serial_shops, shop, nicolae_orc_sculptors_studio,
          nicolae_orc_flooded_monolith

Skill      XL: |  1  2  3  4  5  6  7  8  9 10 11 12 13 14 15 16 17 |
---------------+----------------------------------------------------+-----
Axes           | 3 4 5 6 7 9 11 13 14 15 16 17 18 | 18.7
Dodging        | 1 2 4 6 7 |  7.7
Fighting       | 3 4 6 8 9 11 12 13 14 15 16 | 16.0
Armour         | 2 4 6 7 |  7.9
Invocations    | 1 2 4 5 6 7 9 10 | 10.0
Evocations     | 2 4 5 |  5.0
Throwing       | 1 4 6 7 |  7.7
Stealth        | |  3.6
Spellcasting   | |  1.2

Action                     |  1- 3 |  4- 6 |  7- 9 | 10-12 | 13-15 | 16-18 || total
---------------------------+-------+-------+-------+-------+-------+-------++-------
  Melee: Hand axe          |    84 |   123 |       |       |       |       ||   207
         Punch             |     3 |     2 |       |       |       |       ||     5
         Whip              |       |    85 |       |       |       |       ||    85
         Battleaxe         |       |    21 |   177 |   373 |   774 |   404 ||  1749
  Throw: Boomerang         |       |       |       |    32 |    36 |    72 ||   140
 Invoke: Heroism           |       |       |     1 |     4 |    16 |     8 ||    29
         Receive Weapon    |       |       |       |     1 |       |       ||     1
         Receive Armour    |       |       |       |     1 |       |       ||     1
         Finesse           |       |       |       |       |     3 |     3 ||     6
  Evoke: Wand              |       |       |     4 |     4 |     5 |       ||    13
    Use: Scroll            |       |     9 |     6 |    10 |    13 |     3 ||    41
         Potion            |       |     7 |     1 |       |     4 |     2 ||    14
   Stab: Sleeping          |     7 |     2 |       |    11 |    22 |     1 ||    43
         Distracted        |       |       |       |       |     1 |       ||     1
         Invisible         |       |       |       |       |    19 |       ||    19
 Armour: Leather armour    |    43 |     9 |       |       |       |       ||    52
         Chain mail        |       |   202 |   173 |       |       |       ||   375
         Scale mail        |       |       |     5 |   165 |       |       ||   170
         Shadow dragon sca |       |       |       |   218 |   659 |   434 ||  1311
  Dodge: Dodged            |    53 |   102 |    96 |   204 |   300 |   225 ||   980
  Block: Other             |       |       |       |       |   116 |    96 ||   212
         Reflection        |       |       |       |       |     3 |     1 ||     4

Table legend: (Time is in decaauts)
 A = Elapsed time spent in this place.
 B = Non-inter-level travel time spent in this place.
 C = Inter-level travel time spent in this place.
 D = Time resting spent in this place.
 E = Time spent auto-exploring this place.
 F = Levels seen in this place.
 G = Mean time per level.
                   A        B        C        D        E       F      G
               +--------+--------+--------+--------+--------+-----+--------+
         Total |  27668 |  25989 |   1679 |   3872 |  17543 |  28 |  988.1 |
       Dungeon |  15192 |  14212 |    980 |   2107 |   9645 |  15 | 1012.8 |
          Lair |   6363 |   5942 |    421 |   1031 |   3937 |   5 | 1272.6 |
         Swamp |   3833 |   3683 |    150 |    659 |   2411 |   4 |  958.2 |
   Spider Nest |    149 |    149 |      0 |     21 |     62 |   1 |  149.0 |
  Orcish Mines |   1826 |   1700 |    126 |      9 |   1318 |   2 |  913.0 |
        Bailey |    303 |    303 |      0 |     44 |    169 |   1 |  303.0 |
               +--------+--------+--------+--------+--------+-----+--------+

Top non-repeatable levels by time:
  Lair:5: 1789 daAuts
     D:8: 1467 daAuts
     D:9: 1414 daAuts
    D:14: 1359 daAuts
  Lair:2: 1356 daAuts
     D:3: 1225 daAuts
     D:4: 1198 daAuts
  Lair:3: 1195 daAuts
 Swamp:2: 1188 daAuts
    D:13: 1145 daAuts
  Lair:1: 1099 daAuts
    D:15: 1095 daAuts
     D:7: 1083 daAuts
   Orc:2: 1070 daAuts
     D:6: 1011 daAuts

Levels and vault maps discovered:
D:1:      minmay_arrival_four_loops, layout_basic,
          chequers_serial_rivers_micro_a
D:2:      layout_basic, grunt_ministairs_4
D:3:      layout_basic
D:4:      layout_loops_ring, old_standard_altar, mainiacjoe_overflow_catwalk,
          gammafunk_ghost_abyssal_escape, minmay_fractal_squares_gapless_5
D:5:      layout_gridville, lemuel_round_altar,
          chequers_temple_overflow_statue_of_worship
D:6:      layout_loops_ring, minmay_temple_entry_stoned_glass,
          minmay_lizard_king, uniq_grinder
D:7:      wad_river_or_something, layout_rooms, zin_academy,
          grunt_dithmenos_smoke_and_mirrors, nicolae_letterblocks
          [nicolae_letter_subblock, nicolae_letter_subblock,
          nicolae_letter_subblock, nicolae_letter_subblock,
          nicolae_letter_subblock, nicolae_letter_subblock,
          nicolae_letter_subblock, nicolae_letter_subblock,
          nicolae_letter_subblock, nicolae_letter_subblock,
          nicolae_letter_subblock, nicolae_letter_subblock,
          nicolae_letter_subblock, nicolae_letter_subblock,
          nicolae_letter_subblock, nicolae_letter_subblock,
          nicolae_letter_subblock, nicolae_letter_subblock,
          nicolae_letter_subblock, nicolae_letter_subblock,
          nicolae_letter_subblock, nicolae_letter_subblock,
          nicolae_letter_subblock, nicolae_letter_subblock,
          nicolae_letter_subblock]
D:8:      layout_basic, lemuel_doored_altar, david_lair_shrubbed, serial_shops,
          nicolae_shop_peninsula, minivault_22, hangedman_decor_riveting
D:9:      layout_grid_maze, led_sif_book, david_orc_3, uniq_harold, uniq_joseph,
          uniq_pikel
D:10:     layout_rooms, elyvilon_altar_1, mainiacjoe_overflow_surrounded_room,
          enter_bailey_4, nicolae_shop_fire_sale [nicolae_sub_dead_trees]
D:11:     layout_loops_ring
D:12:     layout_big_octagon, serial_bayou_lake_a
D:13:     layout_basic, lightli_vaults_fourway_checkpoint, uniq_snorg
D:14:     layout_cave_pools, nicolae_zig_zag_zippers, uniq_roxanne, uniq_rupert
D:15:     hangedman_depths_entry_civil_slaughter, layout_long_grid,
          chequers_serial_rivers_large_a
Lair:1:   layout_misc_corridors, serial_bayou_pond_c,
          nicolae_quartered_pool_super, grunt_forest_large_clearings,
          infiniplex_staircase_pool_2, uniq_maggie, uniq_erica
Lair:2:   layout_gridlike, alex1729_swamp_entry_worm_eleionoma,
          hibernation_bobbens, uniq_gastronok, uniq_urug
Lair:3:   layout_cave_pods, nicolae_spider_entry_non_spiders
Lair:4:   layout_loops_ring, chequers_serial_rivers_room_a, beast_lair_carwin_4,
          lemuel_fruit_fields
Lair:5:   due_jungle_book, layout_loops_ring, nicolae_slime_entry_field_trip
Swamp:1:  layout_falls_marsh, evilmike_swamp_ruin_house_3, swamp_pool3
Swamp:2:  nzn_winding_woodlands_cross [nzn_winding_woodlands_5x15_jagged,
          nzn_winding_woodlands_5x15_zeroes, nzn_winding_woodlands_5x15_crooked,
          nzn_winding_woodlands_5x15_river_crossing,
          nzn_winding_woodlands_15x15_boxy_spiral], layout_basic_swamp,
          hangedman_swamp_ruin_hall
Swamp:3:  layout_basic_swamp, evilmike_swamp_ruin_house_6, swamp_pool4
Swamp:4:  swamp_old_school, layout_basic_swamp, lightli_tree_ring
Spider:1: layout_spider_delve
Orc:1:    layout_caves, lightli_orcish_oven
Orc:2:    grunt_orc_community_town_hall, layout_caves,
          grunt_orc_community_big_house_2, grunt_orc_community_big_house_2,
          grunt_orc_community_house_2, grunt_orc_community_house_2,
          grunt_orc_community_house_3, grunt_orc_community_house_1,
          grunt_orc_community_house_1, grunt_orc_community_house_2, basic_altar,
          serial_shops, shop, nicolae_orc_sculptors_studio,
          nicolae_orc_flooded_monolith

Table legend: (Time is in decaauts)
 A = Elapsed time spent in this place.
 B = Non-inter-level travel time spent in this place.
 C = Inter-level travel time spent in this place.
 D = Time resting spent in this place.
 E = Time spent auto-exploring this place.
 F = Levels seen in this place.
 G = Mean time per level.
                   A        B        C        D        E       F      G
               +--------+--------+--------+--------+--------+-----+--------+
         Total |  27668 |  25989 |   1679 |   3872 |  17543 |  28 |  988.1 |
       Dungeon |  15192 |  14212 |    980 |   2107 |   9645 |  15 | 1012.8 |
          Lair |   6363 |   5942 |    421 |   1031 |   3937 |   5 | 1272.6 |
         Swamp |   3833 |   3683 |    150 |    659 |   2411 |   4 |  958.2 |
   Spider Nest |    149 |    149 |      0 |     21 |     62 |   1 |  149.0 |
  Orcish Mines |   1826 |   1700 |    126 |      9 |   1318 |   2 |  913.0 |
        Bailey |    303 |    303 |      0 |     44 |    169 |   1 |  303.0 |
               +--------+--------+--------+--------+--------+-----+--------+

Top non-repeatable levels by time:
  Lair:5: 1789 daAuts
     D:8: 1467 daAuts
     D:9: 1414 daAuts
    D:14: 1359 daAuts
  Lair:2: 1356 daAuts
     D:3: 1225 daAuts
     D:4: 1198 daAuts
  Lair:3: 1195 daAuts
 Swamp:2: 1188 daAuts
    D:13: 1145 daAuts
  Lair:1: 1099 daAuts
    D:15: 1095 daAuts
     D:7: 1083 daAuts
   Orc:2: 1070 daAuts
     D:6: 1011 daAuts

Table legend:
 A = Kills in this place as a percentage of kills in the entire game.
 B = Kills by you in this place as a percentage of kills by you in the entire game.
 C = Kills by friends in this place as a percentage of kills by friends in the entire game.
 D = Other kills in this place as a percentage of other kills in the entire game.
 E = Experience gained in this place as a percentage of experience gained in the entire game.
 F = Experience gained in this place divided by the number of levels of this place that you have seen.
                   A       B       C       D       E      F
               +-------+-------+-------+-------+-------+----------------------
         Total | 100.0 | 100.0 |   N/A | 100.0 | 100.0 | 6899.2
       Dungeon |  45.3 |  45.5 |   N/A |   0.0 |  29.7 | 3823.5
          Lair |  21.0 |  21.1 |   N/A |   0.0 |  28.8 | 11140.0
         Swamp |  13.3 |  13.0 |   N/A |  75.0 |  28.4 | 13726.0
   Spider Nest |   1.9 |   1.9 |   N/A |   0.0 |   4.1 | 7923.0
  Orcish Mines |  16.7 |  16.7 |   N/A |  25.0 |   8.2 | 7942.5
        Bailey |   1.8 |   1.8 |   N/A |   0.0 |   0.7 | 1413.0
               +-------+-------+-------+-------+-------+----------------------
